 Dungeon Crawl Stone Soup version 0.30-a0-779-g7971cf19c3 (webtiles) character file.

Game seed: 14491752973662477631

4080 cforsyth the Firebug (level 10, 0/63 HPs)
             Began as a Tengu Fire Elementalist on Feb 17, 2023.
             Slain by a wyvern (5 damage)
             ... on level 8 of the Dungeon.
             The game lasted 00:27:52 (11447 turns).

cforsyth the Firebug (Tengu Fire Elementalist)     Turns: 11447, Time: 00:27:52

Health: 0/63       AC:  5    Str: 12    XL:     10   Next: 25%
Magic:  14/20      EV: 15    Int: 16    God:
Gold:   559        SH:  0    Dex: 15    Spells: 11/21 levels left

rFire   . . .      SeeInvis .    o - +2 mace (heavy)
rCold   . . .      Faith    .    (no shield)
rNeg    . . .      Spirit   .    a - +0 robe
rPois   .          Reflect  .    (helmet restricted)
rElec   .          Harm     .    (no cloak)
rCorr   .          Rampage  .    h - +2 pair of gloves
Will    .....                    (boots unavailable)
Stlth   ++                       A - amulet of magic regeneration
HPRegen 0.30/turn                v - ring of wizardry
MPRegen 0.57/turn                (no ring)

@: flying quickly and evasively, quick
A: beak, talons 3, nimble flight
a: no special abilities


You were on level 8 of the Dungeon.
You visited 2 branches of the dungeon, and saw 10 of its levels.
You also visited: Bailey.

You collected 559 gold pieces.

Inventory:

Hand Weapons
 o - a +2 heavy mace (weapon)
 y - a +2 dire flail of holy wrath
Armour
 a - a +0 robe (worn)
 h - a +2 pair of gloves (worn)
 C - the +11 shadow dragon scales of Guomakh {rC+ rCorr SInv Stlth++++}
   (You found it in a bailey)

   rC:        It protects you from cold.
   SInv:      It lets you see invisible.
   rCorr:     It protects you from acid and corrosion.
   Stlth:     It makes you much more stealthy.
Jewellery
 s - an amulet of regeneration
 v - a ring of wizardry (left hand)
 A - an amulet of magic regeneration (around neck)
 G - the ring "Zielagre" {*Slow rElec rCorr SInv Stlth+}
   (You took it off an orc on level 8 of the Dungeon)

   [ring of see invisible]

   rElec:     It insulates you from electricity.
   SInv:      It lets you see invisible.
   rCorr:     It protects you from acid and corrosion.
   *Slow:     It may slow you when you take damage.
   Stlth:     It makes you more stealthy.
 H - a +6 ring of intelligence
Wands
 B - a wand of polymorph (11)
Scrolls
 g - a scroll of teleportation {unknown}
 j - a scroll of vulnerability {unknown}
 q - a scroll of immolation {unknown}
 r - a scroll of enchant armour {unknown}
 t - a scroll of amnesia {unknown}
 u - 4 scrolls of identify
 x - a scroll of acquirement {unknown}
 E - a scroll of brand weapon {unknown}
 F - a scroll of fog {unknown}
Potions
 b - a potion of magic
 c - 2 potions of curing
 d - a potion of heal wounds {unknown}
 f - 3 potions of brilliance
 i - a potion of lignification {unknown}
 k - a potion of attraction
 l - 3 potions of cancellation
 m - a potion of ambrosia {unknown}
 p - a potion of berserk rage
 z - a potion of might {unknown}
 D - a potion of invisibility {unknown}


   Skills:
 + Level 7.5 Fighting
 + Level 5.2 Armour
 - Level 2.2 Dodging
 - Level 2.0 Stealth
 - Level 6.2 Spellcasting
 - Level 3.6 Conjurations
 - Level 7.2 Summonings
 - Level 7.8 Fire Magic


You had 11 spell levels left.
You knew the following spells:

 Your Spells              Type           Power      Damage    Failure   Level
a - Summon Small Mammal   Summ           100%       N/A       1%          1
b - Scorch                Fire           60%        2d8       1%          2
c - Call Canine Familiar  Summ           28%        N/A       1%          3
d - Summon Guardian Gole  Hex/Summ       16%        N/A       4%          3
x - Foxfire               Conj/Fire      92%        2x1d8     1%          1

Your spell library contained the following spells:

 Spells                   Type           Power      Damage    Failure   Level
 Magic Dart               Conj           64%        1d6       1%          1
 Inner Flame              Hex/Fire       17%        N/A       3%          3
 Flame Wave               Conj/Fire      23%        2d8       5%          4
 Ignite Poison            Fire/Tmut/Pois 13%        N/A       6%          3
 Kindle Blastsparks       Fire/Tloc/Air  26%        2d12      6%          3
 Freezing Cloud           Conj/Ice/Air   4%         6-21      63%         5


Dungeon Overview and Level Annotations

Branches:
Dungeon (9/15)             Temple (1/1) D:4            Lair (0/5) D:8
 Bailey (visited)
    Orc: D:9-12

Altars:
Ashenzari
Cheibriados
Dithmenos
Elyvilon
Fedhas
Hepliaklqana
Kikubaaqudgha
Makhleb
Okawaru
Sif Muna
Uskayaw
Wu Jian
Yredelemnul
The Shining One

Shops:
D:5 (


Innate Abilities, Weirdness & Mutations

You have a beak for a mouth.
You have claws for feet.
Your magical nature lets you fly swiftly and evasively.


Message History

Your hound barely misses the wyvern.
The wyvern barely misses your hound.
Your hound barely misses the wyvern.
The wyvern bites your hound!
Your quokka bites the wyvern but does no damage.
Your hound barely misses the wyvern.
The wyvern barely misses your hound.
Okay, then.
Casting: Call Canine Familiar (safe; 1% risk of failure)
Confirm with . or Enter, or press ? or * to list all spells.
Your quokka bites the wyvern.
The wyvern closely misses you.
Your hound misses the wyvern. The wyvern bites your hound!
Your hound dies!
Your hound's corpse disappears in a puff of smoke!
Casting: Summon Small Mammal (safe; 1% risk of failure)
Confirm with . or Enter, or press ? or * to list all spells.
The wyvern bites you but does no damage.
Your bat hits the wyvern but does no damage.
The wyvern bites you!!
* * * LOW HITPOINT WARNING * * *
Your quokka barely misses the wyvern.
The wyvern barely misses you.
Unknown command.
Unknown command.
Your bat hits the wyvern but does no damage.
The wyvern closely misses you.
Your hound closely misses the wyvern.
Unknown command.
Your bat hits the wyvern but does no damage.
The wyvern bites your hound!!
Your hound dies!
Your hound's corpse disappears in a puff of smoke!
Your quokka bites the wyvern.
Okay, then.
You feel better.
Your bat closely misses the wyvern.
Your bat hits the wyvern but does no damage.
The wyvern completely misses you. The wyvern bites you!
* * * LOW HITPOINT WARNING * * *
The wyvern barely misses you.
As you read the scroll labelled ZIF PAYXYTIUKK, it crumbles to dust.
You feel aware of your surroundings.
You sensed 1 altar.
It was a scroll of magic mapping.
Your bat hits the wyvern but does no damage.
The wyvern bites you.
You die...

######## ####### .......# #.....#
.......#### #.rb..#
..........###.§l§.#
..............§l@.#
.........>.....§§.#
.......####[#.....## ***
#.........#........#########***,,
..........##...[.(..........,,,,,
#..........g.........##********,.
##(.#.#.#..#########.#########...
....#.#....l..######...#.......#*
....#......l..§.............####*


You could see 2 wyverns, a gnoll, a friendly quokka (summoned) and a friendly
bat (summoned).

Vanquished Creatures
  Sigmund (D:6)
  A wyvern (D:8)
  A basilisk (D:8)
  Edmund (D:6)
  4 water moccasins
  7 orc warriors (Bailey)
  A sky beast (D:7)
  3 black bears
  3 ogres
  A phantom (D:4)
  A kobold brigand (D:7)
  A necrophage (D:4)
  4 bullfrogs
  3 scorpions
  4 wights (D:7)
  2 howler monkeys
  4 hounds
  6 orc priests
  A jelly (D:3)
  2 iguanas
  4 orc wizards
  7 gnolls
  6 adders
  2 shadow imps (D:7)
  A worm (D:3)
  10 dart slugs
  33 orcs
  3 ball pythons
  A bat (D:1)
  12 endoplasms
  2 giant cockroaches
  8 goblins
  8 hobgoblins
  3 jackals (D:2)
  5 quokkas
  A frilled lizard (D:2)
  13 kobolds
  8 rats
178 creatures vanquished.

Vanquished Creatures (collateral kills)
  A sky beast (D:8)
  An orc priest (D:7)
  A gnoll bouda (D:8)
  7 orcs
  3 kobolds (D:7)
13 creatures vanquished.

Vanquished Creatures (others)
  1245 foxfires
  8 fungi
  23 plants
1276 creatures vanquished.

Grand Total: 1467 creatures vanquished

Notes
Turn   | Place    | Note
-------+----------+-------------------------------------------
     0 | D:1      | cforsyth the Tengu Fire Elementalist began the quest for
                  | the Orb.
     0 | D:1      | Reached XP level 1. HP: 10/10 MP: 4/4
   341 | D:1      | Reached XP level 2. HP: 12/15 MP: 0/6
  1503 | D:2      | Reached skill level 1 in Armour
  1503 | D:2      | Reached XP level 3. HP: 20/20 MP: 0/7
  1520 | D:2      | Reached skill level 1 in Fighting
  1885 | D:2      | Learned a level 1 spell: Summon Small Mammal
  1888 | D:2      | Reached XP level 4. HP: 25/25 MP: 6/8
  2659 | D:3      | Noticed an ogre
  2895 | D:3      | Reached skill level 1 in Summonings
  3051 | D:3      | Gained mutation: Your magical nature lets you fly swiftly
                  | and evasively. [Tengu growth]
  3051 | D:3      | Reached XP level 5. HP: 29/29 MP: 1/9
  3283 | D:3      | Killed an ogre
  3336 | D:3      | Learned a level 2 spell: Scorch
  3396 | D:3      | Reached XP level 6. HP: 35/35 MP: 0/11
  3799 | D:3      | Found a faded altar of an unknown god.
  3803 | D:3      | Got Plato's Disquisition on Bolts
  4085 | D:4      | Found a broken altar of Ashenzari.
  4527 | D:4      | Noticed a black bear
  4586 | D:4      | Killed a black bear
  4587 | D:4      | Reached XP level 7. HP: 40/40 MP: 5/13
  4698 | D:4      | Reached skill level 5 in Fire Magic
  5005 | D:4      | You are sucked into a shaft and drop 1 floor!
  5005 | D:5      | Entered Level 5 of the Dungeon
  5049 | D:4      | Found a staircase to the Ecumenical Temple.
  5366 | D:5      | Reached XP level 8. HP: 39/48 MP: 3/15
  5710 | D:5      | Found Roveed's Antique Weapon Shop.
  6620 | D:6      | Noticed Edmund
  6715 | D:6      | Killed Edmund
  6716 | D:6      | Reached skill level 5 in Summonings
  6969 | D:6      | Learned a level 3 spell: Call Canine Familiar
  7457 | D:6      | Found an ancient bone altar of Kikubaaqudgha.
  7467 | D:6      | Found a shadowy altar of Dithmenos.
  7497 | D:6      | Reached skill level 5 in Spellcasting
  7548 | D:6      | Noticed Sigmund
  7555 | D:6      | Killed Sigmund
  7556 | D:6      | Reached skill level 5 in Fighting
  7556 | D:6      | Reached XP level 9. HP: 54/54 MP: 11/17
  7619 | D:6      | Found an ornate altar of the Wu Jian Council.
  7836 | D:6      | Learned a level 3 spell: Summon Guardian Golem
  8105 | D:7      | Found a flagged portal.
  8173 | Bailey   | Entered a bailey
  8535 | Bailey   | Identified the -2 cloak of the Accordion {Harm SInv}
  8537 | Bailey   | Identified the +11 shadow dragon scales of Guomakh {rC+
                  | rCorr SInv Stlth++++}
 10015 | Temple   | Entered the Ecumenical Temple
 10342 | D:8      | Identified the ring "Zielagre" {*Slow rElec rCorr SInv
                  | Stlth+}
 10355 | D:8      | Reached XP level 10. HP: 18/61 MP: 15/20
 11045 | D:8      | Reached skill level 5 in Armour
 11447 | D:8      | Slain by a wyvern

Illustrated notes

Levels and vault maps discovered:
D:1:      psy_arrival_terrarium, layout_loops_corners, nrook_campfire
D:2:      layout_rooms, minmay_misc_feat_room, nicolae_half_adder
D:3:      kennysheep_slugbush, layout_rooms,
          shapermc_ecumenical_altar_rom_forum, grunt_ministairs_3, minivault_26,
          nicolae_elevator_lobby_plus
D:4:      layout_cave_pools, ashenzari_altar_1, minmay_temple_entry_overgrown
D:5:      layout_basic, serial_shops, shop
D:6:      layout_loops_ring, mainiacjoe_overflow_big_doors,
          nicolae_overflow_hidden_temple, uniq_sigmund, uniq_edmund
D:7:      layout_loops_ring, enter_bailey_3, hangedman_decor_push
D:8:      layout_rooms, zin_academy, minmay_lair_entry_grove
D:9:      layout_small_grid, minitemple, eino_jars
Temple:   hellmonk_temple_flake

Skill      XL: |  1  2  3  4  5  6  7  8  9 10 |
---------------+-------------------------------+-----
Conjurations   | 2 3 |  3.6
Armour         | 1 3 5 |  5.2
Fighting       | 1 2 3 5 6 7 |  7.5
Fire Magic     | 4 5 6 7 |  7.8
Summonings     | 1 2 3 4 5 7 |  7.2
Spellcasting   | 3 4 5 6 |  6.2
Dodging        | |  2.2
Stealth        | |  2.0

Action                     |  1- 3 |  4- 6 |  7- 9 | 10-12 || total
---------------------------+-------+-------+-------+-------++-------
  Melee: Unarmed           |     6 |     5 |       |       ||    11
         Kick              |     2 |     3 |     3 |       ||     8
         Peck              |     2 |       |     1 |       ||     3
         Mace              |       |       |     6 |     3 ||     9
         Punch             |       |       |     1 |       ||     1
   Cast: Foxfire           |    72 |   186 |   411 |    60 ||   729
         Summon Small Mamm |       |     1 |     2 |     7 ||    10
         Call Canine Famil |       |       |    10 |    13 ||    23
         Summon Guardian G |       |       |     1 |       ||     1
    Use: Scroll            |       |       |     8 |     3 ||    11
         Potion            |       |       |       |     2 ||     2
   Stab: Sleeping          |       |       |     1 |       ||     1
 Armour: Robe              |     2 |     5 |    15 |     6 ||    28
  Dodge: Dodged            |    11 |    23 |    65 |    40 ||   139

Table legend: (Time is in decaauts)
 A = Elapsed time spent in this place.
 B = Non-inter-level travel time spent in this place.
 C = Inter-level travel time spent in this place.
 D = Time resting spent in this place.
 E = Time spent auto-exploring this place.
 F = Levels seen in this place.
 G = Mean time per level.
                   A        B        C        D        E       F      G
               +--------+--------+--------+--------+--------+-----+--------+
         Total |  11063 |  10593 |    470 |   1217 |   7093 |  11 | 1005.7 |
       Dungeon |  10425 |   9956 |    469 |   1193 |   6745 |   9 | 1158.3 |
        Temple |    157 |    157 |      0 |      0 |    118 |   1 |  157.0 |
        Bailey |    481 |    481 |      0 |     24 |    229 |   1 |  481.0 |
               +--------+--------+--------+--------+--------+-----+--------+

Top non-repeatable levels by time:
     D:7: 2086 daAuts
     D:1: 1398 daAuts
     D:2: 1323 daAuts
     D:5: 1310 daAuts
     D:3: 1284 daAuts
     D:4: 1230 daAuts
     D:6: 1218 daAuts
  Bailey: 481 daAuts
     D:9: 289 daAuts
     D:8: 284 daAuts
  Temple: 157 daAuts
